Map: 2000 Atmospheres LE

Players

PureLegacy

  • Race: Terran Terran

MaSa - Winner!

  • Race: Terran Terran

Event: DreamHack SC2 Masters 2021 Winter

VOD

Have the link to the VOD?

Description

Time

  • Played on: Oct. 6, 2021, 6:59 p.m.
  • Length: 12:43

All games in this series

Show
View Real Time Build Order
Export as new Build Order

PureLegacy Terran 

Build Orders: Mech 

Get SALT Encoding   

  12  0:00  SCV  
  13  0:12  SCV  
  14  0:17  Supply Depot  
  14  0:24  SCV  
  15  0:38  SCV  
  15  0:41  Barracks  
  16  0:43  Refinery  
  16  0:50  SCV  
  16  0:53  Refinery  
  17  1:03  SCV  
  18  1:15  SCV  
  19  1:27  Orbital Command  
  19  1:28  Reaper  
  19  1:29  Supply Depot  
  20  1:43  Factory  
  20  1:53  SCV  
  21  2:00  Reaper  
  22  2:07  SCV  
  23  2:19  SCV  
  23  2:22  Command Center  
  24  2:29  Hellion  
  26  2:31  SCV  
  26  2:33  Barracks Reactor  
  27  2:37  Supply Depot  
  27  2:43  SCV  
  28  2:50  Starport  
  28  2:53  Factory Tech Lab  
  28  2:56  SCV  
  28  3:08  SCV  
  26  3:15  Marine x2  
  26  3:20  SCV, Siege Tank  
  30  3:32  SCV  
  31  3:35  Orbital Command  
  31  3:44  SCV  
  32  3:52  Viking  
  32  3:53  Viking  
  36  4:02  SCV  
  35  4:05  SCV  
  35  4:09  Siege Tank  
  38  4:14  SCV  
  39  4:17  SCV  
  39  4:20  Refinery  
  39  4:26  SCV  
  39  4:27  Supply Depot  
  39  4:29  SCV  
  41  4:38  SCV  
  42  4:40  Viking x2  
  42  4:41  SCV  
  47  4:50  Supply Depot, SCV  
  48  4:53  SCV  
  48  4:55  Siege Tank  
  52  5:02  SCV  
  52  5:05  SCV  
  54  5:14  SCV, Viking x2  
  54  5:17  Supply Depot, SCV  
  60  5:26  SCV  
  61  5:29  Siege Tank  
  61  5:30  SCV  
  65  5:38  SCV  
  65  5:40  Supply Depot  
  65  5:42  SCV  
  67  5:46  Command Center  
  65  5:51  SCV  
  66  5:58  Viking x2  
  66  6:00  SCV  
  66  6:04  Refinery  
  71  6:05  Supply Depot  
  71  6:06  Siege Tank  
  71  6:10  SCV  
  75  6:12  SCV  
  76  6:28  Liberator, SCV x2, Engineering Bay  
  81  6:38  Siege Tank  
  84  6:40  Viking  
  84  6:42  SCV x2  
  84  6:43  Supply Depot  
  88  6:55  SCV x2  
  90  7:01  Factory  
  90  7:02  Factory  
  85  7:13  Viking  
  85  7:14  Viking  
  76  7:19  SCV x2  
  76  7:22  Refinery  
  76  7:24  Refinery  
  69  7:30  Orbital Command  
  69  7:31  SCV x2  
  69  7:32  Siege Tank  
  73  7:40  Supply Depot  
  73  7:41  Missile Turret  
  73  7:43  SCV, Sensor Tower  
  73  7:44  SCV  
  75  7:45  Viking  
  75  7:46  Viking  
  79  7:52  Factory Reactor, Factory Tech Lab  
  79  7:54  Missile Turret  
  79  7:55  SCV  
  79  7:56  SCV  
  79  7:57  SCV  
  82  8:04  Siege Tank  
  85  8:08  SCV x2  
  85  8:09  SCV  
  88  8:15  Viking  
  88  8:16  Viking  
  95  8:20  SCV x2  
  95  8:24  Supply Depot  
  94  8:30  Factory, Hellion x2  
  94  8:31  Missile Turret  
  94  8:32  Factory  
  98  8:36  Missile Turret  
  98  8:39  Missile Turret  
  98  8:40  Missile Turret, Siege Tank  
  101  8:44  Armory  
  101  8:47  Supply Depot  
  101  8:49  Viking x2  
  101  8:51  Hellion  
  104  8:57  Hellion x2  
  108  9:07  Command Center  
  108  9:12  Siege Tank  
  108  9:15  Factory Reactor, Factory Tech Lab  
  111  9:17  Siege Tank  
  94  9:34  Viking x2  
  94  9:35  Siege Tank  
  94  9:37  Hellion x2  
  103  9:40  Supply Depot, Smart Servos  
  103  9:44  Siege Tank  
  106  9:52  Hellion x2  
  112  9:53  Starport, Hellion  
  114  10:00  Hellion x2  
  114  10:02  Supply Depot x2, Terran Vehicle And Ship Armor Level 1  
  116  10:07  Viking x2  
  118  10:25  Thor  
  116  10:30  Thor  
  126  10:35  Hellion x2  
  126  10:37  Viking x2  
  126  10:38  Hellion  
  126  10:39  Hellion  
  127  10:57  Hellion x2  
  127  11:00  Starport Reactor  
  127  11:01  Thor  
  129  11:07  Viking x2  
  130  11:18  Hellion x2  
  106  11:36  Thor  
  106  11:37  Viking x2  
  113  11:41  Hellion x4  
  113  11:45  Viking x2  
  122  11:47  SCV x3  
  111  12:07  Siege Tank, Viking x2  
  111  12:08  Siege Tank  
  121  12:09  Hellion x4  
  121  12:11  SCV x2  
  121  12:15  Supply Depot  
  133  12:19  Supply Depot x2  
Show
View Real Time Build Order
Export as new Build Order

MaSa Terran - Winner!

Build Orders: Cyclone Opening 

Get SALT Encoding   

  12  0:00  SCV  
  13  0:12  SCV  
  14  0:17  Supply Depot  
  14  0:24  SCV  
  15  0:38  SCV  
  15  0:39  Barracks  
  16  0:42  Refinery  
  16  0:48  Refinery  
  16  0:52  SCV  
  18  1:04  SCV  
  18  1:16  SCV  
  19  1:26  Reaper  
  19  1:27  Supply Depot  
  19  1:28  Orbital Command  
  20  1:40  Factory  
  20  1:54  SCV  
  21  1:58  Reaper  
  22  2:06  SCV  
  23  2:18  SCV  
  23  2:21  Command Center  
  24  2:23  Factory Tech Lab  
  24  2:30  SCV  
  24  2:33  Barracks Reactor  
  24  2:34  Supply Depot  
  25  2:42  Cyclone  
  28  2:44  SCV  
  29  2:56  SCV  
  30  3:09  SCV  
  30  3:11  Marine x2  
  33  3:14  Cyclone  
  33  3:16  Starport  
  34  3:22  Refinery  
  34  3:23  SCV  
  35  3:29  Marine x2  
  37  3:36  SCV  
  37  3:38  Orbital Command  
  38  3:47  Marine x2  
  38  3:48  SCV  
  41  3:54  Factory Tech Lab  
  41  4:00  SCV  
  41  4:02  Raven  
  42  4:04  SCV  
  42  4:07  Marine x2  
  47  4:12  SCV  
  47  4:15  Siege Tank  
  47  4:16  SCV  
  52  4:22  Supply Depot  
  52  4:25  SCV  
  52  4:28  SCV  
  54  4:42  Command Center  
  54  4:43  SCV  
  54  4:44  SCV  
  56  4:47  Raven  
  56  4:48  Marine  
  59  4:53  Siege Tank  
  62  5:00  Supply Depot  
  62  5:06  Supply Depot  
  62  5:07  SCV x2  
  64  5:19  SCV x2  
  70  5:28  Siege Tank  
  70  5:31  SCV  
  70  5:32  SCV  
  70  5:34  Supply Depot  
  70  5:37  Refinery  
  70  5:42  Viking x2  
  74  5:43  Stimpack, Marine  
  74  5:44  SCV x2  
  77  5:56  SCV x2  
  73  5:57  Barracks  
  73  5:58  Barracks  
  73  6:00  Orbital Command  
  73  6:05  Siege Tank  
  73  6:08  SCV x2  
  77  6:16  Viking  
  77  6:17  Viking  
  81  6:20  SCV x2  
  82  6:27  Supply Depot  
  82  6:29  SCV  
  82  6:32  SCV  
  84  6:37  SCV  
  83  6:41  SCV, Siege Tank  
  83  6:44  SCV  
  83  6:46  Viking x2  
  92  6:50  SCV  
  92  6:53  Marine  
  93  6:59  SCV  
  94  7:07  Orbital Command  
  91  7:12  SCV  
  91  7:13  Siege Tank  
  91  7:14  Marine  
  87  7:16  SCV  
  87  7:24  SCV  
  87  7:28  SCV  
  85  7:32  Barracks Reactor, Engineering Bay x2, Marine  
  85  7:33  Barracks Reactor, Viking x2  
  85  7:36  SCV  
  91  7:38  Barracks  
  91  7:40  Refinery, Barracks  
  91  7:42  SCV, Refinery  
  92  7:44  SCV  
  92  7:45  Siege Tank  
  92  7:48  SCV  
  97  7:53  Combat Shield, Marine  
  97  7:55  SCV  
  97  7:57  SCV  
  100  8:01  Terran Infantry Weapons Level 1  
  100  8:02  Terran Infantry Armor Level 1  
  100  8:03  SCV  
  101  8:10  Marine  
  101  8:12  Marine x4  
  104  8:16  Command Center  
  104  8:17  SCV  
  104  8:20  Viking x2  
  104  8:21  SCV  
  104  8:26  Barracks Tech Lab  
  111  8:27  Siege Tank  
  111  8:30  SCV  
  111  8:33  Barracks Tech Lab, Marine x2  
  111  8:34  SCV x2, Marine  
  117  8:45  Supply Depot  
  117  8:46  Supply Depot  
  117  8:47  Marauder, Supply Depot x2, SCV x2  
  121  8:51  Viking x2  
  125  9:07  SCV x3, Marine x3  
  131  9:15  Refinery  
  131  9:16  Missile Turret  
  131  9:19  SCV  
  131  9:21  Liberator, Viking  
  131  9:24  Marauder, Marine x3  
  131  9:25  Siege Tank  
  134  9:34  SCV  
  134  9:37  Marine x2  
  134  9:39  Orbital Command  
  134  9:42  Marauder  
  135  9:49  Starport, SCV  
  135  9:50  Starport  
  135  9:51  Viking  
  138  9:57  Siege Tank  
  138  9:58  Marauder, Armory, Marine  
  144  10:01  Marine  
  144  10:02  Marauder, Marine  
  144  10:04  SCV, Viking  
  150  10:07  Marauder, Marine  
  150  10:10  SCV  
  150  10:11  SCV x2  
  155  10:21  Viking  
  153  10:26  Marauder, Marine x3  
  153  10:27  Viking x2  
  162  10:38  Marauder x2, Marine  
  162  10:39  Siege Tank  
  170  10:43  Supply Depot, Refinery, Marine x2  
  170  10:44  Supply Depot  
  170  10:48  Liberator  
  169  10:51  Liberator  
  169  10:54  Marine  
  169  10:55  Marauder  
  172  11:01  Supply Depot  
  172  11:02  Supply Depot  
  172  11:04  Marine  
  173  11:11  Siege Tank  
  173  11:13  Marauder, Marine x2  
  173  11:14  Liberator  
  183  11:21  Marine  
  183  11:22  Marauder, Marine  
  187  11:31  Marine  
  187  11:32  Marine x2  
  182  11:35  Marauder  
  182  11:39  Marine  
  178  11:40  Marauder  
  178  11:44  Command Center  
  178  11:45  Liberator  
  178  11:46  Fusion Core  
  175  11:48  Command Center  
  172  12:02  Marauder x3, Marine  

Tags
 
Add a new tag
Caveats
  • Supply blocks, unpowered buildings, or Contaminate may cause inaccurate times.
  • Supply counts are checked every 10 seconds.